ESL (28 & UNDER)
READING RAINBOWS @ BUFFALO LIGHTSABRES
04/13/2025
 
TOP OF THE 1ST
Reading Rainbows batting - Pitching for Buffalo LightSabres : RHP Nick Thompson
Pitching: RHP Nick Thompson
Batting: LHB Shane Lynch 0-0: Called Strike
0-1: Ball
1-1: Foul Ball, location: 2F
1-2: Ground out 1-3 (Groundball, 25)
Batting: RHB Wyatt McKinnon 0-0: Foul Ball, location: 2F
0-1: SINGLE (Flyball, 89S)
Batting: RHB Jerome Brewer 0-0: SINGLE (Flyball, 8LS)
Wyatt McKinnon to second
Batting: LHB Eduardo Rodríguez 0-0: Called Strike
Wyatt McKinnon is caught stealing 3rd base
Jerome Brewer to second
0-1: Foul Ball, location: 2F
0-2: Fly out, F7 (Line Drive, 78D)
Top of the 1st over - 0 run(s), 2 hit(s), 0 error(s), 1 left on base; Reading 0 - Buffalo 0
BOTTOM OF THE 1ST
Buffalo LightSabres batting - Pitching for Reading Rainbows : RHP Nathan Seymour
Pitching: RHP Nathan Seymour
Batting: RHB Merlin Morris 0-0: Ball
1-0: Ball
2-0: Called Strike
2-1: Foul Ball, location: 2F
2-2: Fly out, F8 (Flyball, 8LXD)
Batting: RHB Naomi Kitamura 0-0: Called Strike
0-1: Swinging Strike
0-2: Foul Ball, location: 2F
0-2: Foul Ball, location: 2F
0-2: Ball
1-2: Strikes out swinging
Batting: LHB Jarrod O'Milford 0-0: Called Strike
0-1: Foul Ball, location: 2F
0-2: Strikes out swinging
Bottom of the 1st over - 0 run(s), 0 hit(s), 0 error(s), 0 left on base; Reading 0 - Buffalo 0
TOP OF THE 2ND
Reading Rainbows batting - Pitching for Buffalo LightSabres : RHP Nick Thompson
Batting: LHB Alfonso Ruíz 0-0: Ball
1-0: Called Strike
1-1: Fly out, F8 (Flyball, 8LM)
Batting: LHB Mason Mabbett 0-0: Ball
1-0: Ground out U3 (Groundball, 3)
Batting: LHB Miguel Colón 0-0: Ball
1-0: Ball
2-0: Ball
3-0: Base on Balls
Batting: RHB Salvador Correa 0-0: Ball
1-0: Ball
2-0: Foul Ball, location: 2F
2-1: SINGLE (Groundball, 6MD)
Miguel Colón to second
Runner from 2nd tries for 3rd, SAFE, throw made to third
Batting: LHB Wally Coker 0-0: Called Strike
0-1: Ball
1-1: Fly out, F8 (Flyball, 8LM)
Top of the 2nd over - 0 run(s), 1 hit(s), 0 error(s), 2 left on base; Reading 0 - Buffalo 0
BOTTOM OF THE 2ND
Buffalo LightSabres batting - Pitching for Reading Rainbows : RHP Nathan Seymour
Batting: RHB Keith Sims 0-0: Ball
1-0: Ball
2-0: Foul Ball, location: 2F
2-1: Ball
3-1: SINGLE (Groundball, 6MD)
Batting: LHB Paul Alston 0-0: Ball
1-0: Ball
2-0: Foul Ball, location: 2F
2-1: Foul Ball, location: 2F
2-2: Ball
3-2: Strikes out swinging
Batting: RHB Vincente Encarnación 0-0: Ball
1-0: Fly out, F3 (Popup, 3F)
Batting: RHB Pedro Carranza 0-0: Ball
1-0: Ball
Keith Sims steals 2nd base
2-0: Hit by Pitch
Batting: LHB Sean Nicks 0-0: Called Strike
0-1: Ball
1-1: Swinging Strike
1-2: Ground out 4-3 (Groundball, 4)
Bottom of the 2nd over - 0 run(s), 1 hit(s), 0 error(s), 2 left on base; Reading 0 - Buffalo 0
TOP OF THE 3RD
Reading Rainbows batting - Pitching for Buffalo LightSabres : RHP Nick Thompson
Batting: LHB Shane Lynch 0-0: Ball
1-0: Ground out 4-3 (Groundball, 4)
Batting: RHB Wyatt McKinnon 0-0: Called Strike
0-1: Foul Ball, location: 2F
0-2: Ball
1-2: Foul Ball, location: 2F
1-2: Strikes out swinging
Batting: RHB Jerome Brewer 0-0: Ball
1-0: Swinging Strike
1-1: Ground out 1-3 (Groundball, 13S)
Top of the 3rd over - 0 run(s), 0 hit(s), 0 error(s), 0 left on base; Reading 0 - Buffalo 0
BOTTOM OF THE 3RD
Buffalo LightSabres batting - Pitching for Reading Rainbows : RHP Nathan Seymour
Batting: RHB Jorge Castillo 0-0: Fly out, F8 (Flyball, 8RM)
Batting: RHB Merlin Morris 0-0: Ground out 5-3 (Groundball, 5L)
Batting: RHB Naomi Kitamura 0-0: Fly out, F9 (Flyball, 89M)
Bottom of the 3rd over - 0 run(s), 0 hit(s), 0 error(s), 0 left on base; Reading 0 - Buffalo 0
TOP OF THE 4TH
Reading Rainbows batting - Pitching for Buffalo LightSabres : RHP Nick Thompson
Batting: LHB Eduardo Rodríguez 0-0: Ball
1-0: Ground out 3-1 (Groundball, 34S)
Batting: LHB Alfonso Ruíz 0-0: Called Strike
0-1: Foul Ball, location: 2F
0-2: Foul Ball, location: 2F
0-2: Ball
1-2: SINGLE (Groundball, 23) (infield hit)
Batting: LHB Mason Mabbett 0-0: Foul Ball, location: 2F
0-1: Ball
1-1: Ball
2-1: Foul Ball, location: 2F
2-2: Ball
3-2: Strikes out looking
Alfonso Ruíz steals 2nd base
Batter strikes out.
Batting: LHB Miguel Colón 0-0: Foul Ball, location: 2F
0-1: Ball
1-1: Called Strike
1-2: Ground out 3-1 (Groundball, 34S)
Top of the 4th over - 0 run(s), 1 hit(s), 0 error(s), 1 left on base; Reading 0 - Buffalo 0
BOTTOM OF THE 4TH
Buffalo LightSabres batting - Pitching for Reading Rainbows : RHP Nathan Seymour
Batting: LHB Jarrod O'Milford 0-0: Swinging Strike
0-1: Ball
1-1: Ball
2-1: Fly out, F7 (Line Drive, 7LS)
Batting: RHB Keith Sims 0-0: Swinging Strike
0-1: Ball
1-1: Swinging Strike
1-2: Strikes out swinging
Batting: LHB Paul Alston 0-0: SINGLE (Groundball, 4M)
Batting: RHB Vincente Encarnación 0-0: Ball
1-0: Ground out 5-3 (Groundball, 5S)
Bottom of the 4th over - 0 run(s), 1 hit(s), 0 error(s), 1 left on base; Reading 0 - Buffalo 0
TOP OF THE 5TH
Reading Rainbows batting - Pitching for Buffalo LightSabres : RHP Nick Thompson
Batting: RHB Salvador Correa 0-0: Ball
1-0: Ball
2-0: Foul Ball, location: 2F
2-1: Bunted foul
2-2: Ground out 4-3 (Groundball, 4S)
Batting: LHB Wally Coker 0-0: Ball
1-0: Called Strike
1-1: Ground out 6-3 (Groundball, 6)
Batting: LHB Shane Lynch 0-0: Ball
1-0: Foul Ball, location: 2F
1-1: Ball
2-1: Ball
3-1: Base on Balls
Batting: RHB Wyatt McKinnon 0-0: Ground out 3-1 (Groundball, 23)
Top of the 5th over - 0 run(s), 0 hit(s), 0 error(s), 1 left on base; Reading 0 - Buffalo 0
BOTTOM OF THE 5TH
Buffalo LightSabres batting - Pitching for Reading Rainbows : RHP Nathan Seymour
Batting: RHB Pedro Carranza 0-0: Foul Ball, location: 2F
0-1: Ball
1-1: Ball
2-1: Foul Ball, location: 2F
2-2: Strikes out looking
Batting: LHB Sean Nicks 0-0: Foul Ball, location: 2F
0-1: Swinging Strike
0-2: SINGLE (Groundball, 34D)
Batting: RHB Jorge Castillo 0-0: Fly out, F9 (Flyball, 89M)
Batting: RHB Merlin Morris 0-0: Swinging Strike
0-1: Fielders Choice at 2nd, U6 (Groundball, 6M)
Bottom of the 5th over - 0 run(s), 1 hit(s), 0 error(s), 1 left on base; Reading 0 - Buffalo 0
TOP OF THE 6TH
Reading Rainbows batting - Pitching for Buffalo LightSabres : RHP Nick Thompson
Batting: RHB Jerome Brewer 0-0: Called Strike
0-1: Fly out, F5 (Line Drive, 56)
Batting: LHB Eduardo Rodríguez 0-0: Ball
1-0: Ground out 4-3 (Groundball, 4)
Batting: LHB Alfonso Ruíz 0-0: Swinging Strike
0-1: Foul Ball, location: 2F
0-2: Ball
1-2: TRIPLE (Flyball, 78M)
Batting: LHB Mason Mabbett 0-0: Swinging Strike
0-1: Ball
1-1: Ball
2-1: Ball
3-1: Base on Balls
Batting: LHB Miguel Colón 0-0: Swinging Strike
0-1: Swinging Strike
0-2: Foul Ball, location: 2F
0-2: Ball
Pickoff Throw to First - Error! E1
Alfonso Ruíz scores
Mason Mabbett to second
1-2: Foul Ball, location: 2F
1-2: Ball
2-2: Ball
3-2: Foul Ball, location: 2F
3-2: Strikes out swinging
Top of the 6th over - 1 run(s), 1 hit(s), 1 error(s), 1 left on base; Reading 1 - Buffalo 0
BOTTOM OF THE 6TH
Buffalo LightSabres batting - Pitching for Reading Rainbows : RHP Nathan Seymour
Batting: RHB Naomi Kitamura 0-0: Called Strike
0-1: Ball
1-1: Swinging Strike
1-2: Ball
2-2: Strikes out looking
Batting: LHB Jarrod O'Milford 0-0: Ball
1-0: Ground out U3 (Groundball, 3L)
Batting: RHB Keith Sims 0-0: Ball
1-0: Called Strike
1-1: Foul Ball, location: 2F
1-2: Fly out, F8 (Popup, 4D)
Bottom of the 6th over - 0 run(s), 0 hit(s), 0 error(s), 0 left on base; Reading 1 - Buffalo 0
TOP OF THE 7TH
Reading Rainbows batting - Pitching for Buffalo LightSabres : RHP Nick Thompson
Pitching: LHP Mike Murray
Batting: RHB Salvador Correa 0-0: Ball
1-0: SINGLE (Line Drive, 56D)
Batting: LHB Wally Coker 0-0: Ball
1-0: Called Strike
1-1: 2-RUN HOME RUN (Flyball, 89XD), Distance : 416 ft
Batting: LHB Shane Lynch 0-0: Ball
1-0: Called Strike
1-1: Foul Ball, location: 2F
1-2: Ball
2-2: Foul Ball, location: 2F
2-2: Strikes out swinging
Batting: RHB Wyatt McKinnon 0-0: Ball
1-0: Foul Ball, location: 2F
1-1: Called Strike
1-2: Foul Ball, location: 2F
1-2: Foul Ball, location: 2F
1-2: Ground out 6-3 (Groundball, 6M)
Batting: RHB Jerome Brewer 0-0: Foul Ball, location: 2F
0-1: Foul Ball, location: 2F
0-2: Strikes out swinging
Top of the 7th over - 2 run(s), 2 hit(s), 0 error(s), 0 left on base; Reading 3 - Buffalo 0
BOTTOM OF THE 7TH
Buffalo LightSabres batting - Pitching for Reading Rainbows : RHP Nathan Seymour
Batting: LHB Paul Alston 0-0: Called Strike
0-1: Ball
1-1: Called Strike
1-2: Ball
2-2: Foul Ball, location: 2F
2-2: Ball
3-2: Foul Ball, location: 2F
3-2: Strikes out looking
Batting: RHB Vincente Encarnación 0-0: Fly out, F7 (Flyball, 78M)
Batting: RHB Pedro Carranza 0-0: Called Strike
0-1: Ball
1-1: Ball
2-1: Fly out, F7 (Flyball, 78M)
Bottom of the 7th over - 0 run(s), 0 hit(s), 0 error(s), 0 left on base; Reading 3 - Buffalo 0
TOP OF THE 8TH
Reading Rainbows batting - Pitching for Buffalo LightSabres : LHP Mike Murray
Pitching: RHP Jacob Christian
Batting: LHB Eduardo Rodríguez 0-0: Ball
1-0: Called Strike
1-1: Ball
2-1: Foul Ball, location: 2F
2-2: Ball
3-2: Strikes out swinging
Batting: LHB Alfonso Ruíz 0-0: Called Strike
0-1: Foul Ball, location: 2F
0-2: Foul Ball, location: 2F
0-2: Ball
1-2: Ball
2-2: Fly out, F7 (Flyball, 7M)
Batting: LHB Mason Mabbett 0-0: Ball
1-0: Ball
2-0: Ball
3-0: Called Strike
3-1: Base on Balls
Batting: LHB Miguel Colón 0-0: Swinging Strike
0-1: Called Strike
0-2: Ball
Mason Mabbett steals 2nd base
1-2: SINGLE (Groundball, 34D)
Mason Mabbett to third
Runner from 3rd tries for Home, SAFE, no throw or cutoff
Batting: RHB Salvador Correa 0-0: Ball
Wild Pitch!
Miguel Colón to second
1-0: Swinging Strike
1-1: Hit by Pitch
Batting: LHB Wally Coker 0-0: Fly out, F6 (Popup, 5D)
Top of the 8th over - 1 run(s), 1 hit(s), 0 error(s), 2 left on base; Reading 4 - Buffalo 0
BOTTOM OF THE 8TH
Buffalo LightSabres batting - Pitching for Reading Rainbows : RHP Nathan Seymour
Batting: LHB Sean Nicks 0-0: Ball
1-0: Ground out 6-3 (Groundball, 6M)
Batting: RHB Jorge Castillo 0-0: Ball
1-0: Foul Ball, location: 2F
1-1: Ball
2-1: Called Strike
2-2: Ball
3-2: Base on Balls
Batting: RHB Merlin Morris 0-0: Foul Ball, location: 2F
0-1: Swinging Strike
0-2: Fly out, F7 (Flyball, 7M)
Batting: RHB Naomi Kitamura 0-0: Ball
1-0: Ball
2-0: Ground out 1-3 (Groundball, 15)
Bottom of the 8th over - 0 run(s), 0 hit(s), 0 error(s), 1 left on base; Reading 4 - Buffalo 0
TOP OF THE 9TH
Reading Rainbows batting - Pitching for Buffalo LightSabres : RHP Jacob Christian
Batting: LHB Shane Lynch 0-0: Ball
1-0: Fly out, F5 (Popup, 5L)
Batting: RHB Wyatt McKinnon 0-0: Ball
1-0: Ball
2-0: Ball
3-0: Called Strike
3-1: Base on Balls
Pitching: RHP John Thompson
Batting: RHB Jerome Brewer 0-0: Called Strike
0-1: Swinging Strike
0-2: Ball
Wyatt McKinnon steals 2nd base
1-2: Ball
2-2: Foul Ball, location: 2F
2-2: Ball
3-2: Base on Balls
Batting: LHB Eduardo Rodríguez 0-0: Ball
1-0: Ball
2-0: Ball
3-0: Base on Balls
Wyatt McKinnon to third
Jerome Brewer to second
Batting: LHB Alfonso Ruíz 0-0: Foul Ball, location: 2F
0-1: Foul Ball, location: 2F
0-2: Fly out, F7 (Flyball, 78M)
Runner from 3rd tags up, SCORES, no throw
Batting: LHB Mason Mabbett 0-0: Ball
1-0: Ball
2-0: Ball
3-0: Base on Balls
Jerome Brewer to third
Eduardo Rodríguez to second
Batting: LHB Miguel Colón 0-0: Foul Ball, location: 2F
0-1: Ball
1-1: Ball
2-1: Foul Ball, location: 2F
2-2: Ball
3-2: Foul Ball, location: 2F
3-2: Base on Balls
Jerome Brewer scores
Eduardo Rodríguez to third
Mason Mabbett to second
Batting: RHB Salvador Correa 0-0: Called Strike
0-1: Ball
1-1: Ball
2-1: Fly out, F9 (Line Drive, 9S)
Top of the 9th over - 2 run(s), 0 hit(s), 0 error(s), 3 left on base; Reading 6 - Buffalo 0
BOTTOM OF THE 9TH
Buffalo LightSabres batting - Pitching for Reading Rainbows : RHP Nathan Seymour
Pitching: LHP Robby Hall
Now at 1B: José Rivera
Batting: LHB Jarrod O'Milford 0-0: Ball
1-0: Ground out 1-3 (Groundball, 13S)
Batting: RHB Keith Sims 0-0: Ball
1-0: Ball
2-0: Ball
3-0: Called Strike
3-1: Base on Balls
Batting: LHB Paul Alston 0-0: Ball
1-0: Hit by Pitch
Keith Sims to second
Batting: RHB Vincente Encarnación 0-0: Ball
1-0: Fly out, F8 (Flyball, 8RM)
Batting: RHB Pedro Carranza 0-0: Foul Ball, location: 2F
0-1: Swinging Strike
0-2: Strikes out swinging
Bottom of the 9th over - 0 run(s), 0 hit(s), 0 error(s), 2 left on base; Reading 6 - Buffalo 0
This league is powered by Out of the Park Baseball, the baseball management simulation game for PC, Mac and Linux
Tuesday, August 2nd, 2016 - OOTP Baseball 16.8 Build 38